 Dungeon Crawl Stone Soup version 0.20-a0-1058-g0491fde (console) character file.

159 nht the Firebug (level 5, -1/57 HPs)
             Began as a Hill Orc Fire Elementalist on Apr 26, 2017.
             Was an Initiate of Ashenzari.
             Slain by Kokiki's ghost (7 damage)
             ... on level 3 of the Dungeon.
             The game lasted 00:05:30 (2058 turns).

nht the Firebug (Hill Orc Fire Elementalist)        Turns: 2058, Time: 00:05:31

Health: -1/57      AC: 22    Str: 11    XL:     5   Next: 40%
Magic:  0/7        EV:  2    Int: 16    God:    Ashenzari [......]
Gold:   87         SH:  0    Dex: 11    Spells: 6/7 levels left

rFire    . . .     SeeInvis .   g - +2 dagger (speed)
rCold    . . .     Gourm    .   (no shield)
rNeg     + + +     Faith    .   (armour currently unavailable)
rPois    +         Spirit   .   (helmet currently unavailable)
rElec    .         Reflect  .   (cloak currently unavailable)
rCorr    .         Harm     .   (gloves currently unavailable)
MR       .....     NoTele   +   (boots currently unavailable)
Stlth    ++........             (no amulet)
Regen    0.2/turn               d - ring of positive energy
MPRegen  0.1/turn               (no ring)

@: tree-form
A: no striking features
a: Curse Item, Renounce Religion


You were on level 3 of the Dungeon.
You worshipped Ashenzari.
Ashenzari was noncommittal.
You were not hungry.
You were a tree.
You visited 1 branch of the dungeon, and saw 3 of its levels.

You collected 87 gold pieces.

Inventory:

Hand Weapons
 e - a +0 hand axe
 f - a +0 short sword
 g - a +2 dagger of speed (weapon)
 i - a +0 flail of protection
 n - a +0 hunting sling
Missiles
 k - 59 sling bullets
Armour
 a - a +0 robe (melded)
 l - a +0 pair of boots (melded)
 m - a cursed +1 helmet (melded)
Jewellery
 d - a ring of positive energy (left branch)
Books
 b - a book of Flames

   Spells                             Type                      Level
   a - Flame Tongue                   Conjuration/Fire             1
   b - Throw Flame                    Conjuration/Fire             2
   c - Conjure Flame                  Conjuration/Fire             3
   d - Inner Flame                    Hexes/Fire                   3
   e - Sticky Flame                   Conjuration/Fire             4
   f - Fireball                       Conjuration/Fire             5
Comestibles
 c - 2 bread rations
 h - a meat ration
 o - 3 fruits
 p - 7 chunks of flesh


   Skills:
 - Level 1.5 Dodging
 - Level 1.5 Stealth
 - Level 1.5 Spellcasting
 + Level 3.7 Conjurations
 + Level 5.0 Fire Magic


You had 6 spell levels left.
You knew the following spells:

 Your Spells              Type           Power        Failure   Level  Hunger
a - Flame Tongue          Conj/Fire      ###..        3%          1    ##.....


Dungeon Overview and Level Annotations

Branches:
Dungeon (3/15)

Altars:
Ashenzari
Kikubaaqudgha
Uskayaw

Annotations:
D:3 Kokiki's ghost, amateur MiFi


Message History

You hit Kokiki's ghost but do no damage.
Kokiki's ghost is heavily damaged.
You barely miss Kokiki's ghost.
Kokiki's ghost is heavily damaged.
Kokiki's ghost hits you but does no damage.
You hit Kokiki's ghost but do no damage.
Kokiki's ghost is heavily damaged.
You barely miss Kokiki's ghost.
Kokiki's ghost is heavily damaged.
Kokiki's ghost hits you but does no damage.
You hit Kokiki's ghost but do no damage.
Kokiki's ghost is heavily damaged.
Kokiki's ghost hits you.
* * * LOW HITPOINT WARNING * * *
You hit Kokiki's ghost.
Kokiki's ghost is heavily damaged.
You hit Kokiki's ghost but do no damage.
Kokiki's ghost is heavily damaged.
Kokiki's ghost hits you!
You die... █.....(...... ..█.. +........P .....█.█...█████ █.█.███.......█. .....█.█...█ █.█.█.'.......█. .!.. █.█...█ █.█.█.█.......█. ██.█ █.█...█ █.█.█.████...... █. █.█$..███████.█.█.█ ███████

██████[█.........█.█.█.█ .......
......)(.......†..$..█.███.██████
...............W♣..............
██████.█..██.█.█.█.█.█.███.████
█.█.......█.█.█...█
█.█.█.........█...█
█.█.█.█...█.███.....
█+█.......... ..█.... <.
█.███.███.█.... █. ... █.█...


You could see Kokiki's ghost.

Vanquished Creatures
  3 gnolls (D:2)
  6 adders
  3 worms
  2 dart slugs (D:1)
  3 leopard geckos
  7 orcs (D:3)
  A ball python (D:1)
  4 giant cockroaches
  7 goblins
  3 hobgoblins (D:2)
  4 jackals (D:3)
  A bat (D:2)
  A frilled lizard (D:1)
  7 kobolds
  5 rats
57 creatures vanquished.

Notes
Turn   | Place    | Note
-------+----------+-------------------------------------------
     0 | D:1      | nht the Hill Orc Fire Elementalist began the quest for the Orb.
     0 | D:1      | Reached XP level 1. HP: 14/14 MP: 3/3
   127 | D:1      | Reached XP level 2. HP: 20/20 MP: 1/4
   724 | D:2      | Reached skill level 4 in Fire Magic
   724 | D:2      | Reached XP level 3. HP: 19/26 MP: 0/5
  1034 | D:2      | Noticed a dagger
  1035 | D:2      | Noticed a hand axe
  1046 | D:2      | Found a hide-covered altar of Uskayaw.
  1084 | D:2      | Reached XP level 4. HP: 33/33 MP: 1/6
  1102 | D:2      | Found a shattered altar of Ashenzari.
  1160 | D:2      | Became a worshipper of Ashenzari the Shackled
  1668 | D:3      | Reached XP level 5. HP: 34/38 MP: 0/7
  1727 | D:3      | Noticed Kokiki's ghost (amateur MiFi)
  1955 | D:3      | Reached skill level 5 in Fire Magic
  2001 | D:3      | Found an ancient bone altar of Kikubaaqudgha.
  2058 | D:3      | Slain by Kokiki's ghost

Vault maps used:
D:1:      minmay_arrival_jagged
D:2:      ashenzari_conservatory_becter, dancing_weapons_uskayaw
D:3:      corexii_shack_village, kiku_gazebo_garden_becter,
          overflow_temple_1_default, first_bread, kennysheep_okawaru_gauntlet

Skill      XL: |  1  2  3  4  5 |
---------------+----------------+-----
Conjurations   | 2 3 |  3.7
Fire Magic     | 4 5 |  5.0
Dodging        | |  1.5
Stealth        | |  1.5
Spellcasting   | |  1.5

Action                   |  1- 3 |  4- 6 || total
-------------------------+-------+-------++-------
Melee: Short sword       |     1 |       ||     1
       Dagger            |    13 |   114 ||   127
 Cast: Flame Tongue      |    44 |    49 ||    93
Invok: Curse Item        |       |     1 ||     1
  Use: Potion            |     2 |     1 ||     3
       Scroll            |       |     4 ||     4
  Eat: Chunk             |     2 |     4 ||     6
Armor: Robe              |     3 |    18 ||    21
       Skin              |     2 |    14 ||    16
Dodge: Dodged            |    12 |    46 ||    58
